Map: Dusk Towers

Players

MCanning - Winner!

  • Race: Protoss Protoss
  • League: Grandmaster

starkiller

  • Race: Zerg Zerg
  • League: Master

VOD

http://www.twitch.tv/mcanning/v/33124982

Description

Time

  • Played on: Jan. 2, 2016, 2:35 a.m.
  • Length: 10:53
Show
View Real Time Build Order
Export as new Build Order

MCanning Protoss - Winner!

Build Orders: Nexus First, Colossus Rush 

Get SALT Encoding   

  12  0:01  Probe (Chrono Boost)  
  13  0:11  Probe (Chrono Boost)  
  14  0:19  Pylon  
  14  0:22  Probe (Chrono Boost)  
  15  0:37  Probe (Chrono Boost)  
  16  0:48  Probe (Chrono Boost)  
  17  0:59  Nexus  
  17  1:10  Gateway  
  17  1:12  Probe (Chrono Boost)  
  18  1:20  Assimilator  
  18  1:22  Probe (Chrono Boost)  
  18  1:25  Assimilator  
  19  1:33  Probe (Chrono Boost)  
  20  1:43  Probe (Chrono Boost)  
  22  1:54  Probe (Chrono Boost), Pylon  
  22  2:01  Cybernetics Core  
  22  2:05  Probe (Chrono Boost)  
  23  2:11  Zealot  
  23  2:13  Probe (Chrono Boost)  
  23  2:15  Probe (Chrono Boost)  
  27  2:24  Probe (Chrono Boost)  
  27  2:26  Probe (Chrono Boost)  
  29  2:35  Probe (Chrono Boost)  
  29  2:36  Probe (Chrono Boost)  
  31  2:42  Stalker (Chrono Boost)  
  33  2:44  Warp Gate  
  33  2:45  Probe (Chrono Boost)  
  33  2:47  Mothership Core (Chrono Boost)  
  36  2:56  Probe (Chrono Boost)  
  37  2:59  Pylon  
  37  3:05  Probe x2 (Chrono Boost)  
  41  3:13  Sentry (Chrono Boost)  
  41  3:15  Probe  
  41  3:17  Probe  
  43  3:25  Probe  
  43  3:27  Gateway  
  43  3:29  Gateway, Probe  
  45  3:36  Probe (Chrono Boost)  
  45  3:38  Pylon  
  45  3:41  Probe (Chrono Boost)  
  47  3:48  Probe (Chrono Boost)  
  47  3:53  Probe (Chrono Boost)  
  48  3:57  Sentry  
  48  3:59  Probe (Chrono Boost)  
  48  4:00  Nexus  
  51  4:02  Pylon  
  51  4:03  Probe (Chrono Boost)  
  51  4:05  Pylon  
  51  4:09  Probe (Chrono Boost)  
  53  4:13  Robotics Facility  
  53  4:16  Probe (Chrono Boost)  
  54  4:19  Assimilator  
  54  4:24  Probe (Chrono Boost)  
  55  4:28  Assimilator  
  55  4:29  Probe (Chrono Boost)  
  56  4:33  Forge  
  56  4:35  Twilight Council  
  56  4:37  Probe (Chrono Boost)  
  57  4:40  Probe (Chrono Boost)  
  58  4:48  Probe (Chrono Boost)  
  58  4:50  Probe (Chrono Boost), Gateway  
  60  4:52  Gateway  
  60  4:56  Pylon  
  60  4:57  Sentry, Probe (Chrono Boost)  
  63  5:00  Probe (Chrono Boost)  
  63  5:02  Observer (Chrono Boost)  
  63  5:06  Protoss Ground Weapons Level 1 (Chrono Boost)  
  65  5:07  Probe  
  65  5:09  Robotics Bay  
  65  5:11  Probe  
  65  5:12  Probe  
  68  5:17  Probe  
  70  5:21  Probe, Observer (Chrono Boost)  
  70  5:23  Pylon  
  70  5:24  Probe  
  72  5:30  Probe  
  72  5:31  Colossus (Chrono Boost)  
  72  5:32  Stalker  
  72  5:33  Stalker x2  
  79  5:44  Probe  
  79  5:46  Blink  
  79  5:47  Pylon  
  84  5:54  Probe  
  85  5:57  Disruptor (Chrono Boost), Pylon  
  85  5:59  Stalker  
  85  6:00  Stalker  
  85  6:03  Zealot x3  
  94  6:05  Assimilator  
  94  6:09  Assimilator  
  94  6:12  Pylon  
  94  6:14  Photon Cannon  
  94  6:18  Photon Cannon  
  90  6:26  Sentry x2  
  90  6:31  Adept x3  
  83  6:49  Disruptor  
  86  6:57  Stalker x3  
  86  6:58  Zealot x2  
  96  7:02  Probe  
  96  7:05  Probe  
  89  7:17  Photon Cannon  
  89  7:21  Pylon  
  89  7:22  Zealot x2  
  86  7:23  Adept x3  
  86  7:25  Probe (Chrono Boost)  
  86  7:29  Probe x2 (Chrono Boost)  
  93  7:36  Probe (Chrono Boost)  
  94  7:42  Probe (Chrono Boost)  
  95  7:45  Probe (Chrono Boost)  
  96  7:52  Probe (Chrono Boost)  
  96  7:58  Disruptor (Chrono Boost)  
  94  8:02  Stalker  
  94  8:03  Stalker x3  
  94  8:05  Probe x2  
  104  8:13  Stalker  
  106  8:27  Stalker  
  106  8:34  Pylon  
  108  8:35  Pylon  
  108  8:37  Pylon  
  108  8:41  Pylon  
  108  8:42  Pylon  
  108  8:49  Warp Prism (Chrono Boost)  
  110  8:56  Adept  
  110  8:57  Adept x3  
  110  8:59  Adept  
  110  9:02  Probe  
  121  9:04  Dark Shrine  
  121  9:06  Pylon  
  121  9:16  Probe  
  122  9:18  Disruptor  
  122  9:22  Photon Cannon x2  
  125  9:24  Photon Cannon x2  
  125  9:27  Stalker x4  
  125  9:28  Stalker  
  106  9:49  Disruptor  
  102  9:53  Stalker x5  
  102  9:58  Probe  
  116  10:12  Probe  
  117  10:17  Stalker x4  
  117  10:18  Stalker  
  126  10:32  Probe  
  123  10:50  Stalker  
  123  10:51  Stalker x4  
Show
View Real Time Build Order
Export as new Build Order

starkiller Zerg 

Build Orders: Hatch First 

Get SALT Encoding   

  12  0:01  Drone  
  13  0:12  Overlord  
  13  0:17  Drone  
  14  0:30  Drone x2  
  14  0:35  Drone  
  17  0:54  Hatchery  
  17  0:56  Drone  
  17  0:58  Extractor  
  17  1:03  Drone  
  17  1:18  Spawning Pool  
  17  1:22  Drone  
  17  1:26  Drone  
  17  1:30  Drone  
  19  1:46  Overlord  
  19  1:55  Drone  
  20  2:05  Metabolic Boost, Queen  
  20  2:06  Queen  
  24  2:10  Drone  
  25  2:16  Drone x2  
  27  2:23  Drone  
  27  2:26  Drone  
  29  2:32  Drone  
  30  2:41  Drone  
  31  2:48  Overlord  
  31  2:53  Drone x3  
  31  2:58  Lair, Roach Warren  
  33  3:00  Drone  
  34  3:20  Hatchery  
  34  3:24  Drone  
  34  3:25  Drone x4  
  38  3:27  Drone, Extractor  
  38  3:30  Drone  
  39  3:36  Zergling x6  
  42  3:45  Drone  
  42  3:46  Drone, Extractor  
  42  3:48  Extractor  
  42  3:57  Glial Reconstitution  
  42  3:59  Drone x2  
  42  4:00  Overlord x2  
  42  4:27  Drone x3  
  42  4:29  Drone x2  
  42  4:30  Drone  
  47  4:33  Queen  
  47  4:35  Overlord x2  
  47  4:37  Roach x5  
  59  4:42  Roach x2  
  63  4:46  Roach  
  65  4:54  Roach x2  
  65  4:58  Roach  
  71  5:02  Roach x2  
  71  5:03  Roach x2  
  71  5:05  Roach  
  81  5:11  Overlord  
  81  5:12  Overlord  
  81  5:24  Overlord  
  81  5:27  Overlord  
  81  5:30  Roach  
  81  5:31  Roach x3  
  89  5:35  Overlord x2  
  89  5:38  Zergling x2  
  89  5:39  Zergling x2  
  89  5:40  Zergling x2  
  89  5:42  Zergling x2  
  93  5:44  Zergling x2  
  93  5:48  Zergling x6  
  97  5:55  Zergling x4  
  99  5:57  Ravager x5  
  99  5:58  Ravager x2  
  106  6:09  Ravager x3  
  106  6:10  Zergling x2  
  106  6:11  Zergling x10  
  115  6:16  Zergling x4  
  99  6:34  Roach x7, Zergling x2  
  99  6:35  Zergling x2  
  97  6:49  Zergling x2  
  97  6:50  Zergling x6  
  97  6:53  Zergling x2  
  90  6:55  Zergling x2  
  85  7:14  Zergling x10  
  84  7:22  Ravager x7  
  84  7:23  Zergling x4  
  84  7:25  Zergling x2  
  84  7:29  Zergling x4  
  65  7:44  Zergling x6  
  65  7:45  Zergling x2  
  67  7:58  Roach x6  
  67  7:59  Roach x5  
  67  8:02  Roach  
  89  8:06  Roach x2  
  93  8:20  Zergling x4  
  93  8:21  Ravager x4  
  93  8:22  Zergling x2  
  93  8:23  Ravager, Zergling x2  
  93  8:24  Ravager  
  93  8:25  Zergling x10  
  93  8:26  Zergling x6  
  111  8:28  Zergling x4  
  113  8:36  Zergling x2  
  113  8:37  Ravager  
  113  8:38  Ravager  
  113  8:41  Zergling x4  
  118  8:46  Zergling x2  
  119  8:49  Zergling x2  
  119  8:50  Zergling x2  
  119  8:52  Zergling x6  
  123  8:59  Ravager x3  
  123  9:00  Zergling x8  
  123  9:02  Overlord x2  
  130  9:14  Overlord x2  
  91  9:40  Zergling x24  
  91  9:41  Zergling x2  
  65  9:54  Zergling x2  
  65  9:55  Roach, Zergling x14  
  65  9:56  Roach x2  
  76  10:08  Roach x4  
  80  10:21  Roach x3  
  80  10:22  Roach x5  
  83  10:31  Roach x3  
  83  10:33  Roach  
  87  10:38  Ravager x7  
Tags
 
Add a new tag
Caveats
  • Supply blocks, unpowered buildings, or Contaminate may cause inaccurate times.
  • Supply counts are checked every 10 seconds.